 Dungeon Crawl Stone Soup version 0.22-a0-480-g991dd4b (webtiles) character file.

194 Tallim the Poker (level 5, -20/39 HPs)
             Began as a Merfolk Skald on June 15, 2018.
             Was an Initiate of Okawaru.
             Demolished by an ogre
             ... wielding a +0 giant spiked club
              (31 damage)
             ... on level 4 of the Dungeon.
             The game lasted 00:12:34 (4647 turns).

Tallim the Poker (Merfolk Skald)                    Turns: 4647, Time: 00:12:35

Health: -20/39     AC:  3    Str: 12    XL:     5   Next: 73%
Magic:  8/8        EV: 10    Int: 13    God:    Okawaru [......]
Gold:   210        SH:  7    Dex: 13    Spells: 5/8 levels left

rFire    . . .     SeeInvis .   a - +0 spear
rCold    . . .     Gourm    .   p - +0 shield {reflect}
rNeg     . . .     Faith    .   b - +0 leather armour
rPois    .         Spirit   .   (no helmet)
rElec    .         Reflect  +   (no cloak)
rCorr    .         Harm     .   (no gloves)
MR       .....                  (no boots)
Stlth    ++........             j - amulet of the acrobat
HPRegen  0.13/turn              (no ring)
MPRegen  0.11/turn              (no ring)

@: very slightly contaminated
A: change form in water, swift swim, stealthy swim
a: Renounce Religion


You were on level 4 of the Dungeon.
You worshipped Okawaru.
Okawaru was noncommittal.
You were not hungry.

You visited 1 branch of the dungeon, and saw 4 of its levels.

You collected 210 gold pieces.

Inventory:

Hand Weapons
 a - a +0 spear (weapon)
Armour
 b - a +0 leather armour (worn)
 p - a +0 shield of reflection (worn)
Jewellery
 j - an amulet of the acrobat (around neck)
Scrolls
 e - a scroll of magic mapping {unknown}
 f - 2 scrolls of identify
 h - 3 scrolls of teleportation
 i - 4 scrolls of remove curse
 m - 2 scrolls of enchant weapon {unknown}
 n - a scroll of amnesia {unknown}
 r - a scroll of random uselessness {unknown}
 s - a scroll of immolation {unknown}
Potions
 c - 2 potions of mutation {unknown}
 g - a potion of might {unknown}
 k - a potion of ambrosia {unknown}
 l - a potion of degeneration {unknown}
 o - a potion of haste {unknown}
 q - a potion of lignification {unknown}
Comestibles
 d - 8 rations


   Skills:
 + Level 2.5 Fighting
 * Level 6.4 Polearms
 - Level 0.6 Armour
 + Level 3.5 Dodging
 + Level 2.0 Stealth
 + Level 0.2 Shields
 + Level 2.1 Spellcasting
 + Level 3.8 Charms


You had 5 spell levels left.
You knew the following spells:

 Your Spells              Type           Power        Failure   Level  Hunger
a - Infusion              Chrm           ##..         41%         1    ##.....
b - Song of Slaying       Chrm           ##......     56%         2    ###....

Your spell library contained the following spells:

 Spells                   Type           Power        Failure   Level  Hunger
 Regeneration             Chrm/Necr      #.........   97%         3    ####...
 Shroud of Golubria       Chrm/Tloc      #.........   83%         2    ###....
 Spectral Weapon          Hex/Chrm       #.......     97%         3    ####...


Dungeon Overview and Level Annotations

Branches:
Dungeon (4/15)
 Temple: D:4-7

Altars:
Okawaru
Qazlal
Sif Muna
Trog

Annotations:
D:4 kirsanium's ghost, amateur BaFi


Message History

The ogre barely misses you.
You closely miss the ogre.
The ogre is heavily wounded.
The ogre hits you with a giant spiked club!
* * * LOW HITPOINT WARNING * * *
You hit the ogre.
The ogre is heavily wounded.
You hit the ogre.
The ogre is severely wounded.
You block the ogre's attack.
You hit the ogre.
The ogre is almost dead.
You hit the ogre but do no damage.
The ogre is almost dead.
The ogre misses you.
You hit the ogre.
The ogre is almost dead.
The ogre hits you with a giant spiked club!!
Ouch! That really hurt!
You die...

############
.$/####..........#
......O@########.#
##.........# #.#
#########.# #.# #
#.# #.# #.# #. #.#
#.# #.# #.# ##.##


You could see an ogre.

Vanquished Creatures
  Terence (D:3)
  5 adders
  3 oozes
  4 worms
  3 dart slugs
  4 leopard geckos
  4 orcs (D:4)
  3 giant cockroaches (D:1)
  9 goblins
  8 hobgoblins
  11 jackals
  5 quokkas
  A ball python (D:2)
  6 bats
  5 frilled lizards
  5 kobolds
  11 rats
88 creatures vanquished.

Notes
Turn   | Place    | Note
-------+----------+-------------------------------------------
     0 | D:1      | Tallim the Merfolk Skald began the quest for the Orb.
     0 | D:1      | Reached XP level 1. HP: 16/16 MP: 3/3
    49 | D:1      | Found an iron altar of Okawaru.
   466 | D:1      | Became a worshipper of Warmaster Okawaru
   575 | D:1      | Reached XP level 2. HP: 22/22 MP: 5/5
   579 | D:1      | Learned a level 2 spell: Song of Slaying
  1056 | D:1      | Reached XP level 3. HP: 23/28 MP: 6/6
  1391 | D:2      | Reached skill level 4 in Polearms
  1492 | D:2      | Found an iron altar of Okawaru.
  1840 | D:2      | Found a deep blue altar of Sif Muna.
  1863 | D:2      | Found a stormy altar of Qazlal.
  1935 | D:2      | Reached XP level 4. HP: 27/34 MP: 7/7
  2131 | D:2      | Reached skill level 1 in Stealth
  2498 | D:2      | Found a faded altar of an unknown god.
  2688 | D:2      | Noticed a moth of wrath
  2691 | D:2      | Found a bloodstained altar of Trog.
  2694 | D:2      | Reached skill level 5 in Polearms
  2892 | D:3      | Reached XP level 5. HP: 27/39 MP: 8/8
  3123 | D:3      | Noticed Terence
  3146 | D:3      | Killed Terence
  3146 | D:3      | Reached skill level 6 in Polearms
  4266 | D:4      | Noticed kirsanium's ghost (amateur BaFi)
  4632 | D:4      | Noticed an ogre
  4647 | D:4      | Demolished by an ogre

Vault maps used:
D:1:      enne_arrival_octagon_isle, okawaru_ov_weapons_minmay
D:2:      tgw_trog, grunt_qazlal_sundering, lemuel_coloured_pillars_altar,
          led_sif_pool, chequers_ecumenical_altar_twisty, first_ration,
          minmay_pentomino_q2
D:3:      serial_bayou, serial_bayou_lake_a, serial_bayou_lagoon_a,
          serial_bayou_pond_a, serial_bayou_pond_e, serial_bayou_pond_a,
          minmay_unequal, uniq_terence

Skill      XL: |  1  2  3  4  5 |
---------------+----------------+-----
Dodging        | 3 |  3.5
Polearms       | 4 5 6 |  6.4
Stealth        | 1 2 |  2.0
Fighting       | |  2.5
Armour         | |  0.6
Shields        | |  0.2
Spellcasting   | |  2.1
Charms         | |  3.8

Action                   |  1- 3 |  4- 6 || total
-------------------------+-------+-------++-------
Melee: Spear             |   163 |   296 ||   459
       Tailslap          |       |     3 ||     3
 Cast: Song of Slaying   |     1 |     1 ||     2
       Infusion          |       |     2 ||     2
  Use: Scroll            |       |     5 ||     5
 Stab: Sleeping          |     3 |     7 ||    10
       Distracted        |       |     1 ||     1
  Eat: Chunk             |     1 |     2 ||     3
       Ration            |     1 |     2 ||     3
Armor: Leather armour    |    36 |    42 ||    78
Dodge: Dodged            |   104 |   124 ||   228
Block: Shield            |       |    38 ||    38

Table legend:
 A = Spawn XP
 B = Non-spawn XP
 C = Spawn XP percentage of total XP
 D = Spawn monster count
 E = Non-spawn monster count
 F = Spawn count percentage of total count
 G = Total turns spent on level
                    A         B        C        D         E        F      G
               +---------+---------+-------+---------+---------+-------+---------
         Total |       0 |     278 |   0.0 |       0 |      88 |   0.0 |  4647
               +---------+---------+-------+---------+---------+-------+---------
           D:1 |       0 |      46 |   0.0 |       0 |      20 |   0.0 |  1304
           D:2 |       0 |     100 |   0.0 |       0 |      34 |   0.0 |  1559
           D:3 |       0 |     117 |   0.0 |       0 |      29 |   0.0 |  1674
           D:4 |       0 |      15 |   0.0 |       0 |       5 |   0.0 |   110
               +---------+---------+-------+---------+---------+-------+---------
